 Dungeon Sprint DCSS version 0.16-a0-3803-gd4b2de5 (webtiles) character file.

524 PolkaDot the Martial Artist (level 7, 0/62 HPs)
             Began as a Demonspawn Monk on Jan 26, 2015.
             Was a Priest of Jiyva.
             Succumbed to Sonja's curare-tipped needle
             ... in the Dungeon (Sprint I: "Red Sonja").
             The game lasted 00:02:25 (812 turns).

PolkaDot the Martial Artist (Demonspawn Monk)        Turns: 812, Time: 00:02:25

Health: 0/62       AC:  9    Str: 12    XL:     7   Next: 2%
Magic:  7/7        EV: 16    Int: 11    God:    Jiyva [***...]
Gold:   331        SH:  0    Dex: 15    Spells: 0 memorised, 6 levels left

rFire  . . .     SeeInvis .       - Unarmed
rCold  + . .     Clarity  .     a - +0 robe
rNeg   . . .     SustAb   .     (no shield)
rPois  .         Gourm    .     (no helmet)
rElec  .         Spirit   .     (no cloak)
rCorr  +         Warding  .     (no gloves)
rMut   .         NoTele   +     (no boots)
MR     .....                    (no amulet)
Stlth  ++........               (no ring)
                                (no ring)

@: lethally poisoned, short of breath, very slightly contaminated, hasted and
slowed, not resistant to hostile enchantments, unstealthy
A: rough black scales 2, cold resistance 1
a: Request Jelly, Jelly Paralyse, Renounce Religion


You were in the Dungeon.
You worshipped Jiyva.
Jiyva was most pleased with you.
You were not hungry.

You visited 1 branch You collected 331 gold pieces.

Inventory:

Armour
 a - a +0 robe (worn)
Scrolls
 h - a scroll of blinking
Potions
 e - a potion of haste
 f - 2 potions of magic
Comestibles
 b - a bread ration


   Skills:
 + Level 8.1 Fighting
 + Level 7.4 Dodging
 - Level 1.7 Stealth
 * Level 10.4 Unarmed Combat


You had 6 spell levels left.
You didn't know any spells.

Dungeon Overview and Level Annotations

Branches:
Dungeon (1/1)

Altars:
Cheibriados
Dithmenos
Elyvilon
Fedhas
Gozag
Kikubaaqudgha
Makhleb
Nemelex Xobeh
Okawaru
Qazlal
Ru
Sif Muna
Vehumet
Xom
Yredelemnul
Zin
The Shining One
Jiyva

Shops:
D (*

Annotations:
D Sonja


Innate Abilities, Weirdness & Mutations

You are mostly covered in rough black scales (AC +7, Dex -2).
Your flesh is cold resistant.


Message History

Sonja blinks!
There is an open door here.
You see here a curare-tipped needle.
* * * LOW HITPOINT WARNING * * *
You feel very sick.
You see here 2 curare-tipped needles.
* * * LOW HITPOINT WARNING * * *
You feel very sick.
You see here 27 gold pieces.
You open the door.
* * * LOW HITPOINT WARNING * * *
You feel very sick.
* * * LOW HITPOINT WARNING * * *
You feel very sick.
There is an open door here.
* * * LOW HITPOINT WARNING * * *
You feel very sick.
Found Tuikeuda's Weapon Boutique.
You close the door.
You die...

#..#####'#####'#__#
#..# #..#...#.####
#..#__####..##.#
#..#_..__##'#..+
#⌠⌠#_.∩..§'.(._#
####_..._##_.#'#
#____ ##(#.#
###########(###
∩.......@+$.$+
##++++####$.$#
##(## #+#


There were no monsters in sight!

Vanquished Creatures
  A slime creature (D)
  A yak (D)
  An ogre (D)
  Sigmund (D)
  A jelly (D)
  Ijyb (D)
6 creatures vanquished.

Vanquished Creatures (others)
  A gargoyle (D)
  4 jellies (D)
5 creatures vanquished.

Grand Total: 11 creatures vanquished

Notes
Turn   | Place    | Note
--------------------------------------------------------------
     0 | D        | PolkaDot, the Demonspawn Monk, began the quest for the Orb.
     0 | D        | Reached XP level 1. HP: 18/18 MP: 1/1
     2 | D        | Noticed Ijyb
    22 | D        | Killed Ijyb
    22 | D        | Reached skill level 4 in Unarmed Combat
    22 | D        | Gained mutation: You are partially covered in rough black scales (AC +4, Dex -1). [demonic ancestry]
    22 | D        | Reached XP level 2. HP: 11/25 MP: 2/2
    45 | D        | Killed a gargoyle
   230 | D        | Noticed an ogre
   241 | D        | Killed an ogre
   241 | D        | Reached skill level 5 in Fighting
   241 | D        | Reached skill level 6 in Unarmed Combat
   241 | D        | Gained mutation: You are mostly covered in rough black scales (AC +7, Dex -2). [demonic ancestry]
   241 | D        | Reached XP level 3. HP: 30/33 MP: 3/3
   241 | D        | Reached XP level 4. HP: 35/39 MP: 4/4
   253 | D        | Noticed Sigmund
   272 | D        | Killed Sigmund
   272 | D        | Reached skill level 5 in Dodging
   272 | D        | Reached skill level 8 in Unarmed Combat
   272 | D        | Reached XP level 5. HP: 18/46 MP: 5/5
   465 | D        | Found a snail-covered altar of Cheibriados.
   465 | D        | Found a viscous altar of Jiyva.
   465 | D        | Found a shadowy altar of Dithmenos.
   465 | D        | Found a blossoming altar of Fedhas.
   465 | D        | Noticed a slime creature
   476 | D        | Killed a slime creature
   476 | D        | Reached skill level 9 in Unarmed Combat
   476 | D        | Reached XP level 6. HP: 10/55 MP: 6/6
   713 | D        | Found a deep blue altar of Sif Muna.
   714 | D        | Noticed a jelly
   715 | D        | Found a radiant altar of Vehumet.
   720 | D        | Killed a jelly
   733 | D        | Became a worshipper of Jiyva Jyuxyoh the Shapeless
   733 | D        | Acquired Jiyva's first power
   733 | D        | Acquired Jiyva's second power
   757 | D        | Found Skottem's Assorted Antiques.
   757 | D        | Found a white marble altar of Elyvilon.
   757 | D        | Found a stormy altar of Qazlal.
   757 | D        | Found a burning altar of Makhleb.
   757 | D        | Found a sacrificial altar of Ru.
   757 | D        | Found a basalt altar of Yredelemnul.
   757 | D        | Found a glowing golden altar of the Shining One.
   757 | D        | Found a sparkling altar of Nemelex Xobeh.
   757 | D        | Found a shimmering altar of Xom.
   757 | D        | Found an opulent altar of Gozag.
   757 | D        | Found an ancient bone altar of Kikubaaqudgha.
   757 | D        | Found a glowing silver altar of Zin.
   757 | D        | Noticed a yak
   758 | D        | Found an iron altar of Okawaru.
   773 | D        | Killed a yak
   773 | D        | Reached skill level 10 in Unarmed Combat
   773 | D        | Gained mutation: Your flesh is cold resistant. [demonic ancestry]
   773 | D        | Reached XP level 7. HP: 50/62 MP: 7/7
   797 | D        | Noticed Sonja
   811 | D        | Found Tuikeuda's Weapon Boutique.
   811 | D        | HP: 3/62 [poisoned by Sonja (curare-tipped needle)]
   812 | D        | Succumbed to Sonja's curare-tipped needle

Action                   |  1- 3 |  4- 6 |  7- 9 || total
-------------------------+-------+-------+-------++-------
Melee: Unarmed           |    30 |    46 |     3 ||    79
  Use: Potion            |     1 |       |     3 ||     4
 Stab: Sleeping          |       |     2 |       ||     2
